Description

The oracle is ready on 3:29. It should be used for harassment, but it mustn't be lost as it provides detection.

Generated with CarbonTwelve's Starcraft Fusion.

Build Order

Get SALT Encoding   

  13  0:02  Probe (Chrono Boost)  
  14  0:12  Probe (Chrono Boost)  
  14  0:17  Pylon  
  15  0:23  Probe (Chrono Boost)  
  15  0:27  Assimilator  
  16  0:35  Probe (Chrono Boost)  
  16  0:41  Gateway  
  17  0:45  Probe (Chrono Boost)  
  17  0:50  Assimilator, Action (Move Probes to Gas)  
  18  0:56  Probe (Chrono Boost)  
  19  1:07  Probe (Chrono Boost)  
  19  1:12  Action (Move Probes to Gas)  
  20  1:17  Probe (Chrono Boost)  
  21  1:18  Probe (Chrono Boost)  
  22  1:29  Cybernetics Core, Probe (Chrono Boost)  
  22  1:39  Pylon  
  23  1:49  Probe (Chrono Boost)  
  24  2:00  Probe (Chrono Boost)  
  24  2:05  Stargate  
  28  2:11  Mothership Core, Adept  
  28  2:25  Nexus  
  29  2:30  Probe (Chrono Boost)  
  29  2:35  Pylon  
  30  2:41  Probe (Chrono Boost)  
  31  2:51  Probe (Chrono Boost)  
  36  2:53  Sentry, Oracle  
  37  3:02  Probe (Chrono Boost), Gateway  
  37  3:06  Warp Gate  
  38  3:13  Pylon, Probe (Chrono Boost)  
  39  3:23  Probe (Chrono Boost), Twilight Council  
  39  3:32  Gateway  
  41  3:35  Probe x2 (Chrono Boost)  
  41  3:42  Pylon  
  43  3:46  Probe x2 (Chrono Boost)  
  43  3:56  Pylon, Probe x2 (Chrono Boost)  
  45  4:01  Resonating Glaives (Chrono Boost)  
  47  4:07  Probe x2  
  49  4:09  Sentry, Gateway  
  49  4:15  Gateway  
  51  4:18  Adept  
  53  4:20  Probe x2  
  55  4:24  Sentry  
  55  4:28  Gateway  
  55  4:32  Pylon  
  57  4:34  Probe x2, Assimilator  
  57  4:43  Assimilator  
  57  4:47  Action x6 (Transform Gateways to Warp Gates 6x)  
  65  4:55  Stalker, Adept x3  
  66  4:57  Probe, Action (Move Probes to Gas)  
  68  5:02  Adept  
  70  5:08  Probe x2, Blink (Chrono Boost)  
  70  5:16  Action, Adept x4 (Move Probes to Gas)  
  78  5:20  Pylon, Probe  
  80  5:31  Sentry, Pylon x2  
  86  5:37  Stalker x3  
  87  5:44  Probe  
  93  5:50  Stalker, Adept x2  
  99  6:00  Pylon, Stalker, Adept  
  111  6:22  Stalker x4, Adept x2  
  111  6:32  Pylon  
  123  6:45  Stalker x6  
Spawning Tool Build Advisor. Get it on Overwolf

Analysis

What we must have by 7 minutes is as follows.

Income: 1446M 456G

Buildings: 2 Nexus, 4 Assimilators, 12 Pylons, 6 Warp Gates, 1 Stargate, 1 Cybernetics Core, 1 Twilight Council.

Units: 47 Probes, 16 Stalkers, 16 Adepts, 4 Sentries, 1 Oracle, 1 Mothership Core.

Research: Warp Gate Transformation, Blink, Resonating Glaives (all are completed).

Go to:

Details

  • Created by: Turir
  • Published on: May 19, 2017
  • Modified on: May 31, 2017
  • Patch: 3.8.0
Show
View Real Time Build Order
Export as new Build Order

Comments (0)

There are no comments. Be the first!

Create an account to comment!